 Dungeon Crawl Stone Soup version 0.26-a0-651-gb41185065b (webtiles) character file.

Game seed: 7682739188535842444

1496 vurker the Sneak (level 8, -3/59 HPs)
             Began as a Gnoll Enchanter on Oct 15, 2020.
             Was a Follower of Cheibriados.
             Slain by a sky beast (5 damage)
             ... on level 6 of the Dungeon.
             The game lasted 00:10:15 (6511 turns).

vurker the Sneak (Gnoll Enchanter)                  Turns: 6511, Time: 00:10:15

Health: -3/59      AC:  7    Str: 12    XL:     8   Next: 81%
Magic:  17/17      EV: 11    Int: 22    God:    Cheibriados [*.....]
Gold:   242        SH: 13    Dex: 18    Spells: 18/19 levels left

rFire    . . .     SeeInvis .   x - +1 flail (protect)
rCold    . . .     Faith    .   a - +0 tower shield
rNeg     . . .     Spirit   .   l - +3 leather armour {rPois}
rPois    +         Reflect  .   (no helmet)
rElec    .         Harm     .   d - +0 cloak
rCorr    .         Rampage  .   (no gloves)
MR       .....                  (no boots)
Stlth    ++++......             (no amulet)
HPRegen  0.19/turn              (no ring)
MPRegen  0.15/turn              (no ring)

@: very slow
A: distributed training, fangs 1, strong nose
a: Bend Time, Renounce Religion


You were on level 6 of the Dungeon.
You worshipped Cheibriados.
Cheibriados was aware of your devotion.
You visited 2 branches of the dungeon, and saw 7 of its levels.

You collected 412 gold pieces.
You spent 170 gold pieces at shops.

Inventory:

Hand Weapons
 x - a +1 flail of protection (weapon)
   (You took it off a gnoll on level 6 of the Dungeon)
 y - a +1 dagger of electrocution
   (You found it on level 1 of the Dungeon)
Missiles
 s - 16 poisoned darts (quivered)
 w - 2 curare-tipped darts
Armour
 a - a +0 tower shield (worn)
   (You found it on level 5 of the Dungeon)
 d - a +0 cloak (worn)
   (You found it on level 1 of the Dungeon)
 l - a +3 leather armour of poison resistance (worn)
   (You took it off an orc on level 6 of the Dungeon)
Wands
 c - a wand of disintegration (19)
   (You took it off Ijyb on level 5 of the Dungeon)
 t - a wand of flame (20)
   (You found it on level 2 of the Dungeon)
 u - a wand of paralysis (9)
   (You found it on level 5 of the Dungeon)
 v - a wand of digging (5)
   (You found it on level 3 of the Dungeon)
Scrolls
 b - a scroll of enchant weapon
 h - 4 scrolls of teleportation
 j - a scroll of fear
 k - 2 scrolls of enchant armour
 m - 2 scrolls of summoning {unknown}
 n - a scroll of fog
 p - a scroll of blinking
Potions
 e - a potion of brilliance {unknown}
 f - 3 potions of cancellation
 g - a potion of invisibility
 i - a potion of heal wounds
 o - 2 potions of ambrosia
 q - a potion of lignification
 r - 2 potions of might
 A - a potion of curing


   Skills:
 + Level 3.6 Fighting
 + Level 4.5 Short Blades
 + Level 3.6 Long Blades
 + Level 3.6 Axes
 + Level 3.6 Maces & Flails
 + Level 3.6 Polearms
 + Level 3.6 Staves
 + Level 3.6 Slings
 + Level 3.6 Bows
 + Level 3.6 Crossbows
 + Level 3.6 Throwing
 + Level 3.6 Armour
 + Level 5.9 Dodging
 + Level 7.0 Stealth
 + Level 3.6 Shields
 + Level 3.6 Unarmed Combat
 + Level 6.2 Spellcasting
 + Level 2.9 Conjurations
 + Level 6.2 Hexes
 + Level 2.9 Summonings
 + Level 2.9 Necromancy
 + Level 2.9 Translocations
 + Level 2.9 Transmutations
 + Level 2.9 Fire Magic
 + Level 2.9 Ice Magic
 + Level 2.9 Air Magic
 + Level 2.9 Earth Magic
 + Level 2.9 Poison Magic
 + Level 4.0 Invocations
 + Level 3.6 Evocations


You had 18 spell levels left.
You knew the following spells:

 Your Spells              Type           Power        Failure   Level
a - Corona                Hex            ####...      14%         1

Your spell library contained the following spells:

 Spells                   Type           Power        Failure   Level
 Ensorcelled Hibernation  Hex/Ice        ####..       38%         2
 Confusing Touch          Hex            ####....     38%         3
 Tukima's Dance           Hex            ####....     38%         3
 Dazzling Flash           Conj/Hex       ####..       63%         3


Dungeon Overview and Level Annotations

Branches:
Dungeon (6/15)             Temple (1/1) D:5

Altars:
Cheibriados
Elyvilon
Fedhas
Gozag
Hepliaklqana
Kikubaaqudgha
Makhleb
Nemelex Xobeh
Okawaru
Qazlal
Ru
Sif Muna
Trog
Uskayaw
Vehumet
Wu Jian
Xom
Zin

Shops:
D:5 ?   D:6 [


Innate Abilities, Weirdness & Mutations

Your experience applies equally to all skills.
You have very sharp teeth.
Your uncanny sense of smell can sniff out nearby items.


Message History

You barely miss something. Something hits you but does no damage.
Something hits you but does no damage.
You miss something. Something hits you but does no damage.
Your shield prevents you from hitting something.
Something hits you but does no damage.
You closely miss something. Something hits you. Something shocks you.
Something hits you. Something shocks you.
* * * LOW HITPOINT WARNING * * *
You barely miss something. Something hits you but does no damage.
You closely miss something. Something hits you.
* * * LOW HITPOINT WARNING * * *
Something shocks you.
* * * LOW HITPOINT WARNING * * *
You closely miss something. Something hits you.
* * * LOW HITPOINT WARNING * * *
Something shocks you.
* * * LOW HITPOINT WARNING * * *
You block something's attack.
You miss something.
A sky beast appears from thin air!
Reactivating autopickup.
The sky beast barely misses you.
You thump the sky beast!
Your weapon exudes an aura of protection.
The sky beast hits you but does no damage.
The sky beast barely misses you.
You miss the sky beast.
The sky beast hits you but does no damage.
Your shield prevents you from hitting the sky beast.
Your bite misses the sky beast. The sky beast barely misses you.
You closely miss the sky beast. The sky beast misses you.
You block the sky beast's attack.
You barely miss the sky beast.
The sky beast flickers out of sight!
Deactivating autopickup; reactivate with Ctrl-A.
Something hits you.
* * * LOW HITPOINT WARNING * * *
Something shocks you.
* * * LOW HITPOINT WARNING * * *
You closely miss something. Something hits you.
* * * LOW HITPOINT WARNING * * *
Something shocks you.
You die...

..........# #....#
..........# #....#
####'###.## #...>#
#.# #.# #....# #.#
#.# #....# #.# #.#
#F...# # #.# #.#
#l# ## #.# #.# #{#
≈# ... ..# #@#
≈≈.### ### #.# .##
#.# # #.# #.#
################.#
.................#
##################


You could see a bullfrog and a leopard gecko.

Vanquished Creatures
  Grinder (D:5)
  Sigmund (D:4)
  Eustachio (D:5)
  A water moccasin (D:6)
  3 ice beasts
  An ogre (D:6)
  A scorpion (D:5)
  A howler monkey (D:4)
  A bullfrog skeleton (D:6)
  An orc priest (D:4)
  An orc wizard (D:4)
  A gnoll shaman (D:6)
  2 hounds
  Ijyb (D:5)
  An iguana (D:6)
  2 worker ants (D:4)
  A hound skeleton (D:5)
  5 gnolls (D:6)
  3 adders
  A shadow imp (D:6)
  2 oozes (D:2)
  An adder zombie (D:6)
  A worm (D:2)
  3 dart slugs
  5 leopard geckos
  10 orcs
  2 ball pythons
  10 bats
  3 giant cockroaches (D:1)
  5 goblins
  6 hobgoblins
  2 quokkas (D:4)
  6 frilled lizards (D:1)
  A jackal skeleton (D:6)
  5 kobolds
  10 rats
102 creatures vanquished.

Notes
Turn   | Place    | Note
-------+----------+-------------------------------------------
     0 | D:1      | vurker the Gnoll Enchanter began the quest for the Orb.
     0 | D:1      | Reached XP level 1. HP: 13/13 MP: 6/6
   134 | D:1      | Reached XP level 2. HP: 6/19 MP: 7/7
   764 | D:1      | Reached XP level 3. HP: 25/25 MP: 9/9
   907 | D:1      | Reached skill level 5 in Spellcasting
   975 | D:1      | Reached skill level 6 in Stealth
  1226 | D:2      | Reached skill level 1 in Invocations
  1365 | D:2      | Reached skill level 1 in Fighting
  1365 | D:2      | Reached skill level 1 in Long Blades
  1365 | D:2      | Reached skill level 1 in Axes
  1365 | D:2      | Reached skill level 1 in Maces & Flails
  1365 | D:2      | Reached skill level 1 in Polearms
  1365 | D:2      | Reached skill level 1 in Staves
  1365 | D:2      | Reached skill level 1 in Slings
  1365 | D:2      | Reached skill level 1 in Bows
  1365 | D:2      | Reached skill level 1 in Crossbows
  1365 | D:2      | Reached skill level 1 in Throwing
  1365 | D:2      | Reached skill level 1 in Armour
  1365 | D:2      | Reached skill level 1 in Shields
  1365 | D:2      | Reached skill level 1 in Unarmed Combat
  1365 | D:2      | Reached skill level 1 in Evocations
  1568 | D:2      | Reached XP level 4. HP: 32/32 MP: 11/11
  1860 | D:2      | Found a sacrificial altar of Ru.
  1894 | D:3      | Found a bloodstained altar of Trog.
  1894 | D:3      | Found a burning altar of Makhleb.
  1966 | D:3      | Reached skill level 1 in Conjurations
  1966 | D:3      | Reached skill level 1 in Summonings
  1966 | D:3      | Reached skill level 1 in Necromancy
  1966 | D:3      | Reached skill level 1 in Translocations
  1966 | D:3      | Reached skill level 1 in Transmutations
  1966 | D:3      | Reached skill level 1 in Fire Magic
  1966 | D:3      | Reached skill level 1 in Ice Magic
  1966 | D:3      | Reached skill level 1 in Air Magic
  1966 | D:3      | Reached skill level 1 in Earth Magic
  1966 | D:3      | Reached skill level 1 in Poison Magic
  2223 | D:3      | Found a white marble altar of Elyvilon.
  3207 | D:4      | Reached XP level 5. HP: 37/37 MP: 12/12
  3289 | D:4      | Noticed Sigmund
  3301 | D:4      | Killed Sigmund
  3301 | D:4      | Reached skill level 5 in Dodging
  3301 | D:4      | Reached XP level 6. HP: 34/44 MP: 14/14
  3835 | D:4      | Found a hazy altar of Hepliaklqana.
  3836 | D:4      | Found a shimmering altar of Xom.
  3837 | D:4      | Noticed a spectral ugly thing
  4133 | D:5      | Entered Level 5 of the Dungeon
  4133 | D:5      | Noticed Ijyb
  4148 | D:5      | Killed Ijyb
  4148 | D:5      | Reached XP level 7. HP: 50/50 MP: 15/15
  4176 | D:5      | Found a staircase to the Ecumenical Temple.
  4193 | Temple   | Entered the Ecumenical Temple
  4201 | Temple   | Became a worshipper of Cheibriados the Contemplative
  4459 | D:5      | Noticed Grinder
  4484 | D:5      | Killed Grinder
  4618 | D:5      | Found Fexit's Magic Scroll Shoppe.
  4621 | D:5      | Bought a scroll of teleportation for 33 gold pieces
  4621 | D:5      | Bought a scroll of identify for 22 gold pieces
  4621 | D:5      | Bought a scroll of enchant armour for 82 gold pieces
  4621 | D:5      | Bought a scroll of teleportation for 33 gold pieces
  4660 | D:5      | Noticed Eustachio
  4688 | D:5      | Killed Eustachio
  4688 | D:5      | Reached XP level 8. HP: 30/57 MP: 16/16
  5836 | D:6      | Found Kumpas's Antique Armour Shoppe.
  6150 | D:6      | Reached skill level 7 in Stealth
  6158 | D:6      | Reached * piety under Cheibriados
  6511 | D:6      | HP: 2/59 [something (3)]
  6511 | D:6      | Slain by a sky beast

Illustrated notes

Levels and vault maps discovered:
D:1:      minmay_arrival_jagged, layout_loops_corners, minmay_tetromino_o4
D:2:      minmay_skewed_foursquare, layout_basic,
          nicolae_ru_the_path_less_chosen
D:3:      layout_basic, elyvilon_altar_1, grunt_temple_overflow_open
D:4:      layout_rooms, regret_index_temple_of_mockery, uniq_sigmund
D:5:      layout_basic, minmay_temple_entry_mini_moons, serial_shops,
          nicolae_shop_behind_doors, uniq_eustachio, uniq_grinder, uniq_ijyb
D:6:      layout_basic, nicolae_dithmenos_through_a_glass_darkly,
          cheibrodos_sewer_entry_drain, serial_shops, shop,
          chequers_serial_rivers_small_b, minivault_1
Temple:   nicolae_temple_no_exploring_needed

Skill      XL: |  1  2  3  4  5  6  7  8 |
---------------+-------------------------+-----
Spellcasting   | 5 6 |  6.2
Stealth        | 6 7 |  7.0
Invocations    | 1 2 3 4 |  4.0
Fighting       | 1 2 3 |  3.6
Long Blades    | 1 2 3 |  3.6
Axes           | 1 2 3 |  3.6
Maces & Flails | 1 2 3 |  3.6
Polearms       | 1 2 3 |  3.6
Staves         | 1 2 3 |  3.6
Slings         | 1 2 3 |  3.6
Bows           | 1 2 3 |  3.6
Crossbows      | 1 2 3 |  3.6
Throwing       | 1 2 3 |  3.6
Armour         | 1 2 3 |  3.6
Shields        | 1 2 3 |  3.6
Unarmed Combat | 1 2 3 |  3.6
Evocations     | 1 2 3 |  3.6
Conjurations   | 1 2 |  2.9
Summonings     | 1 2 |  2.9
Necromancy     | 1 2 |  2.9
Translocations | 1 2 |  2.9
Transmutations | 1 2 |  2.9
Fire Magic     | 1 2 |  2.9
Ice Magic      | 1 2 |  2.9
Air Magic      | 1 2 |  2.9
Earth Magic    | 1 2 |  2.9
Poison Magic   | 1 2 |  2.9
Short Blades   | 3 4 |  4.5
Dodging        | 5 |  5.9
Hexes          | 6 |  6.2

Action                   |  1- 3 |  4- 6 |  7- 9 || total
-------------------------+-------+-------+-------++-------
Melee: Dagger            |   128 |   110 |   139 ||   377
       Bite              |    13 |     9 |    18 ||    40
       Flail             |       |       |    32 ||    32
Throw: Dart              |       |    35 |     4 ||    39
Evoke: Wand              |       |       |     1 ||     1
  Use: Potion            |       |     2 |       ||     2
       Scroll            |       |       |    13 ||    13
 Stab: Sleeping          |    10 |     3 |     2 ||    15
       Distracted        |       |       |     1 ||     1
Armor: Robe              |    13 |       |       ||    13
       Scale mail        |    20 |    43 |    36 ||    99
       Leather armour    |       |       |    24 ||    24
Dodge: Dodged            |    67 |    58 |    60 ||   185
Block: Buckler           |       |     2 |    10 ||    12
       Tower shield      |       |       |    52 ||    52

Table legend: (Time is in decaauts)
 A = Elapsed time spent in this place.
 B = Non-inter-level travel time spent in this place.
 C = Inter-level travel time spent in this place.
 D = Time resting spent in this place.
 E = Time spent auto-exploring this place.
 F = Levels seen in this place.
 G = Mean time per level.
                   A        B        C        D        E       F      G
               +--------+--------+--------+--------+--------+-----+--------+
         Total |   6853 |   6432 |    421 |    320 |   5059 |   7 |  979.0 |
       Dungeon |   6834 |   6429 |    405 |    320 |   5059 |   6 | 1139.0 |
        Temple |     18 |      2 |     16 |      0 |      0 |   1 |   18.0 |
               +--------+--------+--------+--------+--------+-----+--------+

Top non-repeatable levels by time:
     D:5: 1581 daAuts
     D:3: 1466 daAuts
     D:1: 1158 daAuts
     D:6: 1151 daAuts
     D:2: 813 daAuts
     D:4: 662 daAuts
  Temple: 18 daAuts
